 Dungeon Crawl Stone Soup version 0.18.1-6-gd335043 (webtiles) character file.

55 namelastname112 the Caller (level 3, 0/28 HPs)
             Began as a Draconian Summoner on May 19, 2016.
             Slain by an adder (1 damage)
             ... on level 2 of the Dungeon.
             The game lasted 00:02:29 (1822 turns).

namelastname112 the Caller (Draconian Summoner)     Turns: 1822, Time: 00:02:30

Health: 0/28       AC:  5    Str:  7 (10) XL:     3   Next: 67%
Magic:  7/7        EV: 17    Int: 13 (16) God:
Gold:   60         SH:  0    Dex: 15 (16) Spells: 3 memorised, 1 level left

rFire  . . .     SeeInvis .     n - +0 spear
rCold  . . .     Gourm    .     (armour unavailable)
rNeg   . . .     Faith    .     (no shield)
rPois  .         Spirit   .     (helmet restricted)
rElec  .         Dismiss  .     (no cloak)
rCorr  .         Reflect  .     (no gloves)
SustAt .         Harm     .     (no boots)
MR     .....                    m - amulet of regeneration
Stlth  ++........               (no ring)
                                l - ring of loudness (curse)

@: agile, lethally poisoned (0 -> -7), not resistant to hostile enchantments,
unstealthy
A: unfitting armour, cold-blooded, AC +5
a: no special abilities


You were on level 2 of the Dungeon.
You were not hungry.

You visited 1 branch of the dungeon, and saw 2 of its levels.

You collected 60 gold pieces.

Inventory:

Hand Weapons
 n - a +0 spear (weapon)
Jewellery
 l - a cursed ring of loudness (left hand)
 m - an amulet of regeneration (around neck)
Scrolls
 c - a scroll of enchant weapon {unknown}
 e - a scroll of identify {unknown}
 i - 2 scrolls of teleportation {unknown}
 o - a scroll of remove curse {unknown}
 p - a scroll of random uselessness {unknown}
Potions
 j - a potion of degeneration
Books
 a - a book of Callings

   Spells                             Type                      Level
   a - Summon Small Mammal            Summoning                    1
   b - Call Imp                       Summoning                    2
   c - Call Canine Familiar           Summoning                    3
   d - Summon Guardian Golem          Hexes/Summoning              3
   e - Summon Lightning Spire         Summoning/Air                4
   f - Summon Ice Beast               Ice/Summoning                4
Comestibles
 b - a bread ration
 d - 2 slices of pizza
 f - a meat ration
 g - a beef jerky
 q - 4 chunks of flesh


   Skills:
 + Level 1.0 Fighting
 + Level 2.1 Dodging
 - Level 1.7 Stealth
 + Level 2.7 Spellcasting
 * Level 4.6 Summonings


You had one spell level left.
You knew the following spells:

 Your Spells              Type           Power        Failure   Level  Hunger
a - Call Imp              Summ           ##......     8%          2    ###....
c - Call Canine Familiar  Summ           ##......     12%         3    ###....
z - Summon Small Mammal   Summ           ##..         4%          1    #......


Dungeon Overview and Level Annotations

Branches:
Dungeon (2/15)

Altars:
Dithmenos
Okawaru


Innate Abilities, Weirdness & Mutations

Your plain brown scales are hard (AC +5).
Your body does not fit into most forms of armour.
You are cold-blooded and may be slowed by cold attacks.


Message History

The adder poisons you! The adder misses you.
You take 3 damage, and have 4/28 hp.
Drink which item? (? for menu, Esc to quit)
It was a potion of degeneration.
There was something very wrong with that liquid.
You feel weakened.
You feel dopey.
You feel clumsy.
* * * LOW HITPOINT WARNING * * *
You feel sick. The adder bites you but does no damage.
You take 1 damage, and have 3/28 hp.
Drink which item? (? for menu, Esc to quit)
It was a potion of magic.
Magic courses through your body.
* * * LOW HITPOINT WARNING * * *
You feel sick. The adder closely misses you.
You take 1 damage, and have 2/28 hp.
Drink which item? (? for menu, Esc to quit)
It was a potion of agility.
You feel agile all of a sudden.
* * * LOW HITPOINT WARNING * * *
You feel sick. The adder bites you.
You die...

## ## .#
#. .#.
#S###
#@..#
#...#
#...#
##.###
#.#.##
#....####
#.......+
#....####
#.#.##


You could see an adder.

Vanquished Creatures
  A dart slug (D:2)
  A ball python (D:1)
  5 bats
  3 goblins
  3 hobgoblins
  A kobold (D:1)
  A quokka (D:2)
  3 giant newts (D:2)
  7 rats
25 creatures vanquished.

Vanquished Creatures (collateral kills)
  3 gnolls (D:2)
  An adder (D:2)
  2 hobgoblins (D:1)
6 creatures vanquished.

Grand Total: 31 creatures vanquished

Notes
Turn   | Place    | Note
--------------------------------------------------------------
     0 | D:1      | namelastname112 the Draconian Summoner began the quest for the Orb.
     0 | D:1      | Reached XP level 1. HP: 14/14 MP: 3/3
   672 | D:1      | Reached XP level 2. HP: 14/20 MP: 1/5
   679 | D:1      | Learned a level 2 spell: Call Imp
  1011 | D:1      | Found an iron altar of Okawaru.
  1305 | D:2      | Found a shadowy altar of Dithmenos.
  1376 | D:2      | Reached XP level 3. HP: 5/27 MP: 3/6
  1545 | D:2      | Learned a level 3 spell: Call Canine Familiar
  1741 | D:2      | Reached skill level 1 in Fighting
  1822 | D:2      | HP: 1/28 [poisoned by an adder]
  1822 | D:2      | Slain by an adder

Skill      XL: |  1  2  3 |
---------------+----------+-----
Dodging        | 2 |  2.1
Fighting       | 1 |  1.0
Stealth        | |  1.7
Spellcasting   | |  2.7
Summonings     | |  4.6

Action                   || total
-------------------------++-------
Melee: Unarmed           ||    52
       Tailslap          ||     9
       Spear             ||    82
       Short sword       ||    31
 Cast: Summon Small Mamm ||     7
       Call Imp          ||     4
  Use: Potion            ||     3
  Eat: Chunk             ||     3
Armor: Skin              ||    50
Dodge: Dodged            ||   108
